 Dungeon Crawl Stone Soup version 0.30-a0-358-g0d69a1922f (webtiles) character file.

Game seed: 12233843239788711510

26 holysushi the Poker (level 3, 27/27 HPs)
             Began as a Merfolk Gladiator on Nov 9, 2022.
             Quit the game on level 2 of the Dungeon.
             The game lasted 00:01:14 (770 turns).

holysushi the Poker (Merfolk Gladiator)              Turns: 770, Time: 00:01:15

Health: 27/27      AC:  4    Str: 14    XL:     3   Next: 8%
Magic:  3/3        EV: 13    Int:  9    God:
Gold:   19         SH:  0    Dex: 15    Spells: 2/2 levels left

rFire   . . .      SeeInvis .    a - +0 trident
rCold   . . .      Faith    .    (no shield)
rNeg    . . .      Spirit   .    b - +0 leather armour
rPois   .          Reflect  .    c - +0 helmet
rElec   .          Harm     .    (no cloak)
rCorr   .          Rampage  .    (no gloves)
Will    .....                    (no boots)
Stlth   +.........               (no amulet)
HPRegen 0.24/turn                (no ring)
MPRegen 0.08/turn                (no ring)

@: no status effects
A: (nimble swimmer 2), mertail
a: no special abilities


You were on level 2 of the Dungeon.
You visited 1 branch of the dungeon, and saw 2 of its levels.

You collected 19 gold pieces.

Inventory:

Hand Weapons
 a - a +0 trident (weapon)
Missiles
 d - 3 throwing nets (quivered)
 e - a javelin
Armour
 b - a +0 leather armour (worn)
 c - a +0 helmet (worn)
Scrolls
 f - a scroll of fear {unknown}
 g - 2 scrolls of identify {unknown}
 k - a scroll of enchant armour {unknown}
Potions
 h - a potion of degeneration {unknown}
 i - a potion of curing {unknown}
 j - a potion of magic {unknown}


   Skills:
 - Level 2.1 Fighting
 + Level 5.5 Polearms
 - Level 2.0 Throwing
 - Level 4.0 Dodging


You had 2 spell levels left.
You didn't know any spells.
Your spell library was empty.

Dungeon Overview and Level Annotations

Branches:
Dungeon (2/15) Zot: 11229

Altars:


Innate Abilities, Weirdness & Mutations

((You are very nimble when in or above water. (Stealth+, EV+, Speed+++)))
Your lower body shifts to a powerful aquatic tail in water.


Message History

The ball python barely misses you.
You hit the ball python.
The ball python is moderately wounded.
The ball python misses you. The ball python closely misses you. x3
There are monsters nearby!
You puncture the ball python!
You kill the ball python!
The ball python closely misses you. The ball python grabs you.
The ball python constricts you.
You hit the ball python but do no damage.
The ball python bites you but does no damage.
The ball python constricts you.
You hit the ball python but do no damage.
The ball python bites you but does no damage.
The ball python constricts you.
You closely miss the ball python.
The ball python bites you but does no damage.
The ball python constricts you. The ball python barely misses you.
The ball python constricts you.
You puncture the ball python!
You kill the ball python!
No target in view!
k - a scroll labelled RUOCVO BOIP
Found a stone staircase leading up.
As you open the door, it creaks loudly!
An adder comes into view.
You hear a shout!
Found a club.
Found a stone staircase leading up.
An adder is nearby!
An adder is nearby!
There is an open door here.
You reach to attack!
You puncture the adder!
The adder is severely wounded.
You hit the adder.
You kill the adder!
You have reached level 3!
Your experience leads to an increase in your attributes!
Increase (S)trength, (I)ntelligence, or (D)exterity?
You feel clever. x2
Are you sure you want to abandon this character and quit the game? (Confirm with "yes".)

#.#........
..<......
#....... #......
..... ..) #.#
######@###
#........#
#........#
#........# #.#
#........# .[
#........#
#.###........#
#..#.........#
####.#.....#.###


There were no monsters in sight!

Vanquished Creatures
  An adder (D:2)
  A dart slug (D:1)
  3 ball pythons
  An endoplasm (D:1)
  A giant cockroach (D:1)
  2 goblins (D:1)
  A hobgoblin (D:1)
  A quokka (D:2)
  A bat (D:1)
  A kobold (D:2)
  A rat (D:1)
14 creatures vanquished.

Notes
Turn   | Place    | Note
-------+----------+-------------------------------------------
     0 | D:1      | holysushi the Merfolk Gladiator began the quest for the
                  | Orb.
     0 | D:1      | Reached XP level 1. HP: 16/16 MP: 1/1
   206 | D:1      | Reached XP level 2. HP: 22/22 MP: 2/2
   472 | D:1      | Reached skill level 5 in Polearms
   638 | D:1      | You fall into a shaft and drop 1 floor!
   638 | D:2      | Found a faded altar of an unknown god.
   770 | D:2      | Reached XP level 3. HP: 27/27 MP: 3/3
   770 | D:2      | Quit the game

Illustrated notes

Levels and vault maps discovered:
D:1:      psy_arrival_radial02, layout_basic, chequers_serial_rivers_marsh,
          skrybe_limestone_x, roderic_roman_lattice, minmay_misc_feat_rows,
          minmay_misc_feat_rugged
D:2:      cheibrodos_greedy_goblins, layout_basic,
          ebering_ecumenical_altar_sacrificial

Skill      XL: |  1  2 |
---------------+-------+-----
Polearms       | 5 |  5.5
Fighting       | |  2.1
Throwing       | |  2.0
Dodging        | |  4.0

Action                   || total
-------------------------++-------
Melee: Trident           ||    44
Armor: Leather armour    ||     7
Dodge: Dodged            ||    26

Table legend: (Time is in decaauts)
 A = Elapsed time spent in this place.
 B = Non-inter-level travel time spent in this place.
 C = Inter-level travel time spent in this place.
 D = Time resting spent in this place.
 E = Time spent auto-exploring this place.
 F = Levels seen in this place.
 G = Mean time per level.
                   A        B        C        D        E       F      G
               +--------+--------+--------+--------+--------+-----+--------+
         Total |    770 |    770 |      0 |     26 |    609 |   2 |  385.0 |
       Dungeon |    770 |    770 |      0 |     26 |    609 |   2 |  385.0 |
               +--------+--------+--------+--------+--------+-----+--------+

Top non-repeatable levels by time:
     D:1: 638 daAuts
     D:2: 132 daAuts
